NULL
Full Scoreboard »»

Wild vs Ducks

Created - April 16, 2024 at 22:59

Goals
1 2 3 OT1 T
Wild 2 2 0 0 4
Ducks 3 1 0 1 5
Shots
1 2 3 OT1 T
Wild 13 11 10 0 34
Ducks 16 9 9 1 35

GoalsPenalties
1st period
1. Wild , Eeli Tolvanen 17 (Nick Seeler 11) at 4:18
2. Wild , Zach Parise 5 (Nico Hischier 42, Mikko Rantanen 44) at 4:58
3. Ducks , Johnny Gaudreau 19 (Jack Eichel 24) at 6:21
4. Ducks , Ivan Barbashev 10 (Max Pacioretty 15, Ryan Getzlaf 17) at 15:33
5. Ducks , Johnny Gaudreau 20 (Jason Robertson 15, Jack Eichel 25) at 18:17
Jack Eichel (ANA) for High sticking (Minor) at 10:19
2nd period
6. Ducks , Jason Robertson 23 (Michael Anderson 11, Devon Toews 25) at 0:24
7. Wild , Nick Seeler 3 (Nico Hischier 43, Mikko Rantanen 45) at 12:32 (PP)
8. Wild , Zach Hyman 16 (Eeli Tolvanen 32) at 15:36 (SH)
Max Pacioretty (ANA) for Fighting (Major) at 7:56
Phillip Di Giuseppe (MIN) for Fighting (Major) at 7:56
Max Pacioretty (ANA) for instigated a fight (Minor) at 7:56
Max Pacioretty (ANA) for instigated and being the aggresor in a fight (20 Minutes Game Misconduct) at 7:56
Victor Soderstrom (ANA) for Holding (Minor) at 12:26
Nick Seeler (MIN) for High sticking (Minor) at 13:47
3rd period
No Goal
No Penalty
Overtime #1
9. Ducks , Johnny Gaudreau 21 (Michael Anderson 12, Jordan Eberle 35) at 0:33
No Penalty
Goalie Stats
Jake Allen (MIN), 15 saves from 19 shots - (0.789), 20:24 minutes
Jaroslav Halak (MIN), 15 saves from 16 shots - (0.938), OTL, 21-11-5, 40:09 minutes
Mike Smith (ANA), 30 saves from 34 shots - (0.882), W, 21-19-0, 60:33 minutes
3 StarsOfficial
1 - Johnny Gaudreau (ANA)
2 - Jason Robertson (ANA)
3 - Eeli Tolvanen (MIN)
Referees : Unknown
Linesman : Unknown
Game Note
Jaroslav Halak enters game at 0:24 of 2nd period
Max Pacioretty beats up Phillip Di Giuseppe at 7:56 of 2nd period
Max Pacioretty (ANA) for instigated and being the aggresor in a fight (20 Minutes Game Misconduct) at 7:56
Max Pacioretty ejected from game at 7:56 of 2nd period
Johnny Gaudreau has scored a Hat Trick!



Team Name Goals Shots Shots Attemp Shots Blocked PIM HIT PP PK FO%
Wild 43467127341 / 3 (33%)051%
Ducks 535741531250 / 1 (0%)149%

Wild
Player Name POS G A P +/- PIM HIT SHT SB MP PP MP PP SHT PK MP PK SHT FO% FOT GA TA
Andrej SekeraD0001011118:100:0001:0200% 012
David ReinbacherD000-2000320:211:5800:0000% 000
Eeli TolvanenRW1121037117:222:0000:5900% 020
Jared McCannC/LW000-1032017:012:0200:00036% 1100
Kasperi KapanenLW/RW0000001215:220:0201:0000% 010
Kevin ShattenkirkD000-1021121:561:5800:5700% 000
Mikko RantanenLW/RW022-2033017:452:0210:0000% 012
Nick SeelerD112-1221119:182:0610:0000% 000
Nico HischierC022-2035017:272:0210:00059% 1700
Oliver Ekman-LarssonD000-1001220:152:0601:0200% 001
Philipp KurashevC0000001013:132:0001:00020% 500
Phillip Di GiuseppeLW/RW0000514010:190:0000:0000% 000
Radko GudasD0001050119:100:0000:5700% 000
Ryan StromeC/RW000-1020016:492:0200:00033% 300
Sam LaffertyC/RW0000042013:590:0200:00057% 1400
Zach HymanC/LW/RW1010013015:300:0000:59167% 320
Zach PariseC/LW/RW101-1031014:350:0000:000100% 101
Zach SanfordLW/RW0000011011:060:0000:000100% 100
Ducks
Player Name POS G A P +/- PIM HIT SHT SB MP PP MP PP SHT PK MP PK SHT FO% FOT GA TA
Alex NewhookC/LW000-1011010:290:0000:380100% 200
Alexandre CarrierD0001032220:580:5802:1000% 000
Corey PerryLW/RW000-100006:150:0000:0000% 000
Devon ToewsD011-1003323:391:0101:5400% 000
Ivan BarbashevC/LW/RW1011034117:350:0000:53038% 1311
Jack EichelC0223202018:161:0200:48060% 1501
Jack RoslovicC/RW000-102005:110:0000:0000% 010
Jason RobertsonLW/RW1123041018:491:0201:49075% 400
Johnny GaudreauLW/RW3034046218:531:0202:00067% 300
Jordan EberleLW/RW011-1001019:360:5702:0000% 000
Leo CarlssonC0001001119:020:0000:000100% 202
Max PaciorettyLW/RW0111270207:530:0000:0000% 000
Michael AndersonD0220020123:161:0101:5400% 011
Ryan GetzlafC/LW/RW0111033116:060:0000:0000% 000
T.J. OshieC/LW/RW000-2021217:230:5700:00027% 1500
Troy TerryRW000-2017017:230:5700:0000% 130
Victor MeteD0001000016:030:0000:0000% 001
Victor SoderstromD0001201220:450:5802:1000% 001

Wild

5 vs 5 Forward
Line #Left WingCenterRight WingPHYDFOFWanted %Time %Time Play
1Mikko RantanenNico HischierZach Parise0232827%14:35
2Zach HymanJared McCannRyan Strome0232728%14:54
3Kasperi KapanenSam LaffertyEeli Tolvanen1222525%13:22
4Phillip Di GiuseppePhilipp KurashevZach Sanford0232021%11:06
5 vs 5 Defense
Line #DefenseDefensePHYDFOFWanted %Time %Time Play
1Radko GudasAndrej Sekera1313534%18:11
2David ReinbacherKevin Shattenkirk0323435%18:45
3Oliver Ekman-LarssonNick Seeler1313132%17:01
4Radko GudasKevin Shattenkirk12200%0:00
Power Play Forward
Line #Left WingCenterRight WingPHYDFOFWanted %Time %Time Play
1Mikko RantanenNico HischierRyan Strome0145050%2:02
2Jared McCannPhilipp KurashevEeli Tolvanen0145050%2:02
Power Play Defense
Line #DefenseDefensePHYDFOFWanted %Time %Time Play
1David ReinbacherKevin Shattenkirk0235048%1:58
2Nick SeelerOliver Ekman-Larsson0235052%2:06
Penalty Kill 4 Players Forward
Line #CenterWingPHYDFOFWanted %Time %Time Play
1Philipp KurashevKasperi Kapanen0415050%1:00
2Zach HymanEeli Tolvanen0415050%0:59
Penalty Kill 4 Players Defense
Line #DefenseDefensePHYDFOFWanted %Time %Time Play
1Radko GudasKevin Shattenkirk1315048%0:57
2Andrej SekeraOliver Ekman-Larsson1315052%1:02
Penalty Kill 3 Players
Line #WingPHYDFOFWanted %Time %Time PlayDefenseDefensePHYDFOFWanted %Time %Time Play
1Philipp Kurashev050500%0:00 Radko GudasKevin Shattenkirk050500%0:00
2Kasperi Kapanen050500%0:00 Andrej SekeraOliver Ekman-Larsson050500%0:00
4 vs 4 Forward
Line #CenterWingPHYDFOFWanted %Time %Time Play
1Mikko RantanenNico Hischier023500%0:00
2Ryan StromeJared McCann023500%0:00
4 vs 4 Defense
Line #DefensePHYDFOFWanted %Time %Time Play
1Radko GudasKevin Shattenkirk032500%0:00
2Andrej SekeraOliver Ekman-Larsson032500%0:00
Last Minutes Offensive
Left WingCenterRight WingDefenseDefense
Mikko RantanenNico HischierRyan StromeDavid ReinbacherKevin Shattenkirk
Last Minutes Defensive
Left WingCenterRight WingDefenseDefense
Jared McCannNico HischierMikko RantanenRadko GudasKevin Shattenkirk
Time
Total ForwardTotal DefenseLast Minutes OffensiveLast Minutes Defensive
60:00 60:00 0:000:00
Extra Forwards
Normal PowerPlayPenalty Kill
Mikko Rantanen, Nico Hischier, Ryan StromeMikko Rantanen, Nico HischierPhilipp Kurashev
Extra Defensemen
Normal PowerPlayPenalty Kill
Radko Gudas, David Reinbacher, Andrej SekeraKevin Shattenkirk, Radko GudasKevin Shattenkirk
Penalty Shots
Mikko Rantanen, Nico Hischier, Jared McCann, Zach Hyman, Ryan Strome
Goalie
Jake Allen, Jaroslav Halak
Custom OT Lines Forwards
Mikko Rantanen, Nico Hischier, Jared McCann, Zach Hyman, Ryan Strome, Zach Parise, Kasperi Kapanen, Eeli Tolvanen, Philipp Kurashev, Sam Lafferty
Custom OT Lines Defensemen
Radko Gudas, Kevin Shattenkirk, Nick Seeler, Oliver Ekman-Larsson, Andrej Sekera
Scratches
Anton Stralman (Healthy), Marcus Bjork (Healthy), Jonas Johansson (Healthy)

Ducks

5 vs 5 Forward
Line #Left WingCenterRight WingPHYDFOFWanted %Time %Time Play
1Jason RobertsonJack EichelJohnny Gaudreau1223029%15:51
2Jordan EberleT.J. OshieTroy Terry1223032%17:03
3Max PaciorettyIvan BarbashevRyan Getzlaf1223030%16:06
4Corey PerryLeo CarlssonJack Roslovic122109%4:57
5 vs 5 Defense
Line #DefenseDefensePHYDFOFWanted %Time %Time Play
1Devon ToewsMichael Anderson1223030%16:05
2Alexandre CarrierVictor Soderstrom1223033%17:38
3Victor MeteLeo Carlsson1223030%16:03
4Devon ToewsMichael Anderson122108%4:11
Power Play Forward
Line #Left WingCenterRight WingPHYDFOFWanted %Time %Time Play
1Jason RobertsonJack EichelJohnny Gaudreau1225052%1:02
2Jordan EberleT.J. OshieTroy Terry1225048%0:57
Power Play Defense
Line #DefenseDefensePHYDFOFWanted %Time %Time Play
1Devon ToewsMichael Anderson1225051%1:01
2Alexandre CarrierVictor Soderstrom1225049%0:58
Penalty Kill 4 Players Forward
Line #CenterWingPHYDFOFWanted %Time %Time Play
1Jason RobertsonJack Eichel1225051%2:04
2Johnny GaudreauJordan Eberle1225049%2:00
Penalty Kill 4 Players Defense
Line #DefenseDefensePHYDFOFWanted %Time %Time Play
1Devon ToewsMichael Anderson1225047%1:54
2Alexandre CarrierVictor Soderstrom1225053%2:10
Penalty Kill 3 Players
Line #WingPHYDFOFWanted %Time %Time PlayDefenseDefensePHYDFOFWanted %Time %Time Play
1Jason Robertson122500%0:00 Devon ToewsMichael Anderson122500%0:00
2Jack Eichel122500%0:00 Alexandre CarrierVictor Soderstrom122500%0:00
4 vs 4 Forward
Line #CenterWingPHYDFOFWanted %Time %Time Play
1Jason RobertsonJack Eichel122500%0:00
2Johnny GaudreauJordan Eberle122500%0:00
4 vs 4 Defense
Line #DefensePHYDFOFWanted %Time %Time Play
1Devon ToewsMichael Anderson122500%0:00
2Alexandre CarrierVictor Soderstrom122500%0:00
Last Minutes Offensive
Left WingCenterRight WingDefenseDefense
Jason RobertsonJack EichelJohnny GaudreauDevon ToewsMichael Anderson
Last Minutes Defensive
Left WingCenterRight WingDefenseDefense
Jason RobertsonJack EichelJohnny GaudreauDevon ToewsMichael Anderson
Time
Total ForwardTotal DefenseLast Minutes OffensiveLast Minutes Defensive
60:00 60:00 0:000:00
Extra Forwards
Normal PowerPlayPenalty Kill
Alex Newhook, Max Pacioretty, Ivan BarbashevAlex Newhook, Max PaciorettyIvan Barbashev
Extra Defensemen
Normal PowerPlayPenalty Kill
Victor Mete, Alexandre Carrier, Victor SoderstromVictor Mete, Alexandre CarrierVictor Soderstrom
Penalty Shots
Jason Robertson, Jack Eichel, Johnny Gaudreau, Jordan Eberle, Troy Terry
Goalie
Mike Smith, Pavel Francouz
Custom OT Lines Forwards
Jason Robertson, Jack Eichel, Johnny Gaudreau, Jordan Eberle, Troy Terry, T.J. Oshie, Max Pacioretty, Ivan Barbashev, Leo Carlsson, Ryan Getzlaf
Custom OT Lines Defensemen
Devon Toews, Michael Anderson, Alexandre Carrier, Victor Soderstrom, Victor Mete
Scratches
Denis Gurianov (Healthy), Miles Wood (Healthy), Philippe Myers (Strained Left Knee Injury), Nico Daws (Healthy)


Play-by-Play

1st period


0:01 of 1st period - Nico Hischier wins face-off versus Jack Eichel in neutral zone.
0:04 of 1st period - Devon Toews is hit by Zach Parise and loses puck.
0:27 of 1st period - Radko Gudas is hit by Michael Anderson and loses puck.
0:52 of 1st period - Wrist shot by Phillip Di Giuseppe.
0:52 of 1st period - Shot Blocked by Ryan Getzlaf.
0:54 of 1st period - Slapshot by Nick Seeler.
0:54 of 1st period - Shot Blocked by Devon Toews.
0:56 of 1st period - Slapshot by Nick Seeler.
0:56 of 1st period - Shot Misses the Net.
1:20 of 1st period - Snap shot by Leo Carlsson.
1:20 of 1st period - Stopped by Jake Allen with a rebound.
1:36 of 1st period - Snap shot by Nico Hischier.
1:36 of 1st period - Shot Blocked by Johnny Gaudreau.
1:38 of 1st period - Wrist shot by Nico Hischier.
1:38 of 1st period - Shot Misses the Net.
1:40 of 1st period - Snap shot by Nico Hischier.
1:40 of 1st period - Stopped by Mike Smith with a rebound.
1:42 of 1st period - Slapshot by Oliver Ekman-Larsson.
1:42 of 1st period - Stopped by Mike Smith without a rebound.
1:43 of 1st period - Jared McCann wins face-off versus Ivan Barbashev in Ducks zone.
1:52 of 1st period - Slapshot by Max Pacioretty.
1:52 of 1st period - Shot Misses the Net.
3:37 of 1st period - Jack Eichel is hit by Jared McCann and loses puck.
4:12 of 1st period - Nick Seeler is hit by Ryan Getzlaf.
4:18 of 1st period - Wrist shot by Eeli Tolvanen.
4:18 of 1st period - Goal by Eeli Tolvanen - Wild : 1 - Ducks : 0.
4:19 of 1st period - Nico Hischier wins face-off versus T.J. Oshie in neutral zone.
4:24 of 1st period - Slapshot by Mikko Rantanen.
4:24 of 1st period - Stopped by Mike Smith with a rebound.
4:26 of 1st period - Slapshot by Radko Gudas.
4:26 of 1st period - Deflect By Mikko Rantanen.
4:26 of 1st period - Shot Misses the Net.
4:26 of 1st period - Puck is out of play.
4:27 of 1st period - T.J. Oshie wins face-off versus Nico Hischier in Ducks zone.
4:36 of 1st period - Jordan Eberle is hit by Mikko Rantanen.
4:54 of 1st period - Wrist shot by Mikko Rantanen.
4:54 of 1st period - Shot Blocked by Michael Anderson.
4:56 of 1st period - Slapshot by Nico Hischier.
4:56 of 1st period - Shot Misses the Net.
4:58 of 1st period - Slapshot by Zach Parise.
4:58 of 1st period - Goal by Zach Parise - Wild : 2 - Ducks : 0.
4:59 of 1st period - Jared McCann wins face-off versus Ivan Barbashev in neutral zone.
5:25 of 1st period - Jared McCann is hit by Alexandre Carrier and loses puck.
5:32 of 1st period - Snap shot by Jared McCann.
5:32 of 1st period - Stopped by Mike Smith without a rebound.
5:33 of 1st period - Leo Carlsson wins face-off versus Sam Lafferty in Ducks zone.
5:33 of 1st period - Leo Carlsson is hit by Sam Lafferty.
5:58 of 1st period - Nick Seeler is hit by Ivan Barbashev and loses puck.
6:05 of 1st period - Slapshot by Ivan Barbashev.
6:05 of 1st period - Stopped by Jake Allen with a rebound.
6:07 of 1st period - Snap shot by Alexandre Carrier.
6:07 of 1st period - Deflect By Philipp Kurashev.
6:07 of 1st period - Stopped by Jake Allen with a rebound.
6:21 of 1st period - Snap shot by Johnny Gaudreau.
6:21 of 1st period - Goal by Johnny Gaudreau - Wild : 2 - Ducks : 1.
6:22 of 1st period - Jason Robertson wins face-off versus Sam Lafferty in neutral zone.
7:12 of 1st period - Wrist shot by Mikko Rantanen.
7:12 of 1st period - Shot Misses the Net.
7:18 of 1st period - Andrej Sekera is hit by Michael Anderson and loses puck.
7:39 of 1st period - Slapshot by Philipp Kurashev.
7:39 of 1st period - Shot Blocked by Alexandre Carrier.
7:46 of 1st period - Icing by Alexandre Carrier.
7:47 of 1st period - Leo Carlsson wins face-off versus Sam Lafferty in Ducks zone.
7:47 of 1st period - Leo Carlsson is hit by Eeli Tolvanen.
8:01 of 1st period - Snap shot by Johnny Gaudreau.
8:01 of 1st period - Shot Misses the Net.
8:03 of 1st period - Wrist shot by Jason Robertson.
8:03 of 1st period - Shot Blocked by Kevin Shattenkirk.
8:17 of 1st period - Wrist shot by Troy Terry.
8:17 of 1st period - Stopped by Jake Allen without a rebound.
8:18 of 1st period - T.J. Oshie wins face-off versus Jared McCann in Wild zone.
8:19 of 1st period - Snap shot by Troy Terry.
8:19 of 1st period - Stopped by Jake Allen with a rebound.
8:21 of 1st period - Wrist shot by Troy Terry.
8:21 of 1st period - Shot Misses the Net.
8:23 of 1st period - Backhand shot by Troy Terry.
8:23 of 1st period - Stopped by Jake Allen without a rebound.
8:24 of 1st period - Ivan Barbashev wins face-off versus Nico Hischier in Wild zone.
8:33 of 1st period - Snap shot by Nico Hischier.
8:33 of 1st period - Stopped by Mike Smith with a rebound.
8:35 of 1st period - Snap shot by Nico Hischier.
8:35 of 1st period - Stopped by Mike Smith without a rebound.
8:36 of 1st period - Zach Hyman wins face-off versus Ivan Barbashev in Ducks zone.
9:03 of 1st period - Wrist shot by Jason Robertson.
9:03 of 1st period - Shot Misses the Net.
9:05 of 1st period - Slapshot by Michael Anderson.
9:05 of 1st period - Shot Misses the Net.
9:29 of 1st period - T.J. Oshie is hit by Zach Parise and loses puck.
9:48 of 1st period - Wrist shot by Philipp Kurashev.
9:48 of 1st period - Shot Misses the Net.
9:50 of 1st period - Slapshot by David Reinbacher.
9:50 of 1st period - Shot Blocked by Ivan Barbashev.
9:52 of 1st period - Slapshot by David Reinbacher.
9:52 of 1st period - Shot Misses the Net.
9:54 of 1st period - Slapshot by David Reinbacher.
9:54 of 1st period - Shot Misses the Net.
9:56 of 1st period - Slapshot by David Reinbacher.
9:56 of 1st period - Shot Misses the Net.
9:58 of 1st period - Wrist shot by Zach Sanford.
9:58 of 1st period - Deflect By Phillip Di Giuseppe.
9:58 of 1st period - Deflect By Ryan Getzlaf.
9:58 of 1st period - Shot Misses the Net.
9:58 of 1st period - Puck is out of play.
9:59 of 1st period - Jack Eichel wins face-off versus Sam Lafferty in Ducks zone.
10:19 of 1st period - Minor Penalty to Jack Eichel for High sticking.
10:20 of 1st period - Jason Robertson wins face-off versus Nico Hischier in Ducks zone.
12:19 of 1st period - Penalty to Jack Eichel is over, Jack Eichel is back on ice.
12:25 of 1st period - Jack Roslovic is hit by Phillip Di Giuseppe and loses puck.
12:54 of 1st period - Slapshot by Leo Carlsson.
12:54 of 1st period - Shot Misses the Net.
12:56 of 1st period - Slapshot by Ivan Barbashev.
12:56 of 1st period - Shot Misses the Net.
13:06 of 1st period - Snap shot by Johnny Gaudreau.
13:06 of 1st period - Stopped by Jake Allen without a rebound.
13:07 of 1st period - Sam Lafferty wins face-off versus Jason Robertson in Wild zone.
13:07 of 1st period - Sam Lafferty is hit by Jason Robertson.
13:19 of 1st period - Wrist shot by Johnny Gaudreau.
13:19 of 1st period - Shot Misses the Net.
13:33 of 1st period - Slapshot by Jordan Eberle.
13:33 of 1st period - Shot Misses the Net.
13:35 of 1st period - Slapshot by Michael Anderson.
13:35 of 1st period - Shot Misses the Net.
13:37 of 1st period - Snap shot by T.J. Oshie.
13:37 of 1st period - Stopped by Jake Allen with a rebound.
13:55 of 1st period - Off-side.
13:56 of 1st period - Zach Parise wins face-off versus Ivan Barbashev in neutral zone.
14:19 of 1st period - Alexandre Carrier is hit by Zach Parise and loses puck.
14:26 of 1st period - Max Pacioretty is hit by Kevin Shattenkirk and loses puck.
14:50 of 1st period - Snap shot by Max Pacioretty.
14:50 of 1st period - Shot Hit the Post.
15:08 of 1st period - Ryan Getzlaf is hit by Mikko Rantanen and loses puck.
15:31 of 1st period - Slapshot by Ivan Barbashev.
15:31 of 1st period - Shot Blocked by David Reinbacher.
15:33 of 1st period - Wrist shot by Ivan Barbashev.
15:33 of 1st period - Goal by Ivan Barbashev - Wild : 2 - Ducks : 2.
15:34 of 1st period - T.J. Oshie wins face-off versus Jared McCann in neutral zone.
15:37 of 1st period - Slapshot by Troy Terry.
15:37 of 1st period - Stopped by Jake Allen with a rebound.
15:39 of 1st period - Snap shot by Jordan Eberle.
15:39 of 1st period - Stopped by Jake Allen without a rebound.
15:40 of 1st period - Jared McCann wins face-off versus T.J. Oshie in Wild zone.
15:49 of 1st period - Snap shot by Troy Terry.
15:49 of 1st period - Stopped by Jake Allen without a rebound.
15:50 of 1st period - Jason Robertson wins face-off versus Ryan Strome in Wild zone.
16:01 of 1st period - Wrist shot by Jack Eichel.
16:01 of 1st period - Shot Blocked by Andrej Sekera.
16:03 of 1st period - Snap shot by Jack Eichel.
16:03 of 1st period - Stopped by Jake Allen with a rebound.
16:05 of 1st period - Wrist shot by Leo Carlsson.
16:05 of 1st period - Shot Misses the Net.
17:17 of 1st period - Wrist shot by Nico Hischier.
17:17 of 1st period - Stopped by Mike Smith with a rebound.
17:35 of 1st period - Wrist shot by Eeli Tolvanen.
17:35 of 1st period - Stopped by Mike Smith without a rebound.
17:36 of 1st period - Sam Lafferty wins face-off versus T.J. Oshie in Ducks zone.
17:37 of 1st period - Snap shot by Eeli Tolvanen.
17:37 of 1st period - Stopped by Mike Smith without a rebound.
17:38 of 1st period - Sam Lafferty wins face-off versus T.J. Oshie in Ducks zone.
17:39 of 1st period - Slapshot by Eeli Tolvanen.
17:39 of 1st period - Shot Misses the Net.
17:41 of 1st period - Slapshot by Andrej Sekera.
17:41 of 1st period - Stopped by Mike Smith without a rebound.
17:42 of 1st period - Sam Lafferty wins face-off versus T.J. Oshie in Ducks zone.
17:45 of 1st period - Wrist shot by Eeli Tolvanen.
17:45 of 1st period - Stopped by Mike Smith with a rebound.
17:47 of 1st period - Snap shot by Eeli Tolvanen.
17:47 of 1st period - Shot Blocked by Victor Soderstrom.
17:49 of 1st period - Wrist shot by Eeli Tolvanen.
17:49 of 1st period - Shot Blocked by Alexandre Carrier.
18:07 of 1st period - Slapshot by Jason Robertson.
18:07 of 1st period - Shot Blocked by Radko Gudas.
18:09 of 1st period - Slapshot by Johnny Gaudreau.
18:09 of 1st period - Shot Misses the Net.
18:11 of 1st period - Snap shot by Johnny Gaudreau.
18:11 of 1st period - Deflect By Jack Eichel.
18:11 of 1st period - Shot Misses the Net.
18:11 of 1st period - Puck is out of play.
18:12 of 1st period - Jack Eichel wins face-off versus Ryan Strome in Wild zone.
18:17 of 1st period - Slapshot by Johnny Gaudreau.
18:17 of 1st period - Goal by Johnny Gaudreau - Wild : 2 - Ducks : 3.
18:18 of 1st period - Jack Eichel wins face-off versus Jared McCann in neutral zone.
18:23 of 1st period - Snap shot by Jack Eichel.
18:23 of 1st period - Shot Misses the Net.
18:25 of 1st period - Slapshot by Jack Eichel.
18:25 of 1st period - Shot Misses the Net.
18:27 of 1st period - Wrist shot by Johnny Gaudreau.
18:27 of 1st period - Shot Misses the Net.
18:29 of 1st period - Snap shot by Johnny Gaudreau.
18:29 of 1st period - Stopped by Jake Allen with a rebound.
18:31 of 1st period - Wrist shot by Jack Eichel.
18:31 of 1st period - Shot Misses the Net.
18:33 of 1st period - Wrist shot by Michael Anderson.
18:33 of 1st period - Shot Misses the Net.
18:35 of 1st period - Wrist shot by Jason Robertson.
18:35 of 1st period - Deflect By Johnny Gaudreau.
18:35 of 1st period - Shot Misses the Net.
18:35 of 1st period - Puck is out of play.
18:36 of 1st period - Sam Lafferty wins face-off versus Troy Terry in Wild zone.
18:36 of 1st period - Sam Lafferty is hit by Troy Terry.
19:02 of 1st period - Radko Gudas is hit by Jason Robertson and loses puck.
19:50 of 1st period - Off-side.
19:51 of 1st period - Nico Hischier wins face-off versus T.J. Oshie in neutral zone.
Goals for this period are 2 for Wild vs 3 for Ducks.
Shots for this period are 13 for Wild vs 16 for Ducks.

2nd period


0:01 of 2nd period - Jack Eichel wins face-off versus Sam Lafferty in neutral zone.
0:08 of 2nd period - Off-side.
0:09 of 2nd period - Jack Eichel wins face-off versus Sam Lafferty in neutral zone.
0:16 of 2nd period - Wrist shot by Jason Robertson.
0:16 of 2nd period - Shot Misses the Net.
0:18 of 2nd period - Slapshot by Devon Toews.
0:18 of 2nd period - Stopped by Jake Allen with a rebound.
0:20 of 2nd period - Snap shot by Jason Robertson.
0:20 of 2nd period - Shot Blocked by Kasperi Kapanen.
0:22 of 2nd period - Backhand shot by Devon Toews.
0:22 of 2nd period - Stopped by Jake Allen with a rebound.
0:24 of 2nd period - Slapshot by Michael Anderson.
0:24 of 2nd period - Deflect By Jason Robertson.
0:24 of 2nd period - Goal by Jason Robertson - Wild : 2 - Ducks : 4.
0:24 of 2nd period - Jaroslav Halak enters game.
0:25 of 2nd period - T.J. Oshie wins face-off versus Jared McCann in neutral zone.
1:18 of 2nd period - Snap shot by Eeli Tolvanen.
1:18 of 2nd period - Stopped by Mike Smith without a rebound.
1:19 of 2nd period - Sam Lafferty wins face-off versus T.J. Oshie in Ducks zone.
2:16 of 2nd period - Snap shot by Zach Hyman.
2:16 of 2nd period - Stopped by Mike Smith without a rebound.
2:17 of 2nd period - Nico Hischier wins face-off versus T.J. Oshie in Ducks zone.
2:18 of 2nd period - Slapshot by Mikko Rantanen.
2:18 of 2nd period - Shot Misses the Net.
2:34 of 2nd period - Slapshot by Mikko Rantanen.
2:34 of 2nd period - Stopped by Mike Smith with a rebound.
4:09 of 2nd period - Wrist shot by Kasperi Kapanen.
4:09 of 2nd period - Stopped by Mike Smith without a rebound.
4:10 of 2nd period - Jared McCann wins face-off versus Jack Eichel in Ducks zone.
4:13 of 2nd period - Snap shot by Jared McCann.
4:13 of 2nd period - Shot Misses the Net.
4:15 of 2nd period - Snap shot by Zach Hyman.
4:15 of 2nd period - Shot Blocked by Devon Toews.
4:17 of 2nd period - Snap shot by Zach Hyman.
4:17 of 2nd period - Stopped by Mike Smith without a rebound.
4:18 of 2nd period - Jack Eichel wins face-off versus Jared McCann in Ducks zone.
4:43 of 2nd period - Snap shot by Max Pacioretty.
4:43 of 2nd period - Stopped by Jaroslav Halak with a rebound.
4:45 of 2nd period - Slapshot by Michael Anderson.
4:45 of 2nd period - Shot Misses the Net.
4:49 of 2nd period - Snap shot by Max Pacioretty.
4:49 of 2nd period - Stopped by Jaroslav Halak without a rebound.
4:50 of 2nd period - Alex Newhook wins face-off versus Philipp Kurashev in Wild zone.
6:05 of 2nd period - Snap shot by Eeli Tolvanen.
6:05 of 2nd period - Stopped by Mike Smith without a rebound.
6:06 of 2nd period - Jack Eichel wins face-off versus Nico Hischier in Ducks zone.
6:28 of 2nd period - Johnny Gaudreau is hit by Radko Gudas and loses puck.
6:45 of 2nd period - Slapshot by Philipp Kurashev.
6:45 of 2nd period - Stopped by Mike Smith with a rebound.
7:09 of 2nd period - Snap shot by Leo Carlsson.
7:09 of 2nd period - Shot Misses the Net.
7:33 of 2nd period - David Reinbacher is hit by Alexandre Carrier and loses puck.
7:54 of 2nd period - Wrist shot by Johnny Gaudreau.
7:54 of 2nd period - Deflect By Jason Robertson.
7:54 of 2nd period - Shot Blocked by Nick Seeler.
7:54 of 2nd period - Puck is out of play.
7:55 of 2nd period - Zach Sanford wins face-off versus Ivan Barbashev in Wild zone.
7:55 of 2nd period - Zach Sanford is hit by Ivan Barbashev.
7:56 of 2nd period - Max Pacioretty beats up Phillip Di Giuseppe.
7:56 of 2nd period - Penalty to Max Pacioretty for Fighting.
7:56 of 2nd period - Penalty to Phillip Di Giuseppe for Fighting.
7:56 of 2nd period - Penalty to Max Pacioretty for instigated a fight.
7:56 of 2nd period - Penalty to Max Pacioretty for instigated and being the aggresor in a fight.
7:56 of 2nd period - Max Pacioretty is ejected from game.
7:57 of 2nd period - Johnny Gaudreau wins face-off versus Philipp Kurashev in Wild zone.
7:58 of 2nd period - Wrist shot by Jordan Eberle.
7:58 of 2nd period - Shot Misses the Net.
8:01 of 2nd period - Icing by Kevin Shattenkirk.
8:02 of 2nd period - Johnny Gaudreau wins face-off versus Philipp Kurashev in Wild zone.
9:56 of 2nd period - Penalty to Max Pacioretty is over, Corey Perry is send on ice.
10:18 of 2nd period - Off-side.
10:19 of 2nd period - Ryan Strome wins face-off versus Ivan Barbashev in neutral zone.
10:34 of 2nd period - Leo Carlsson is hit by Radko Gudas and loses puck.
11:11 of 2nd period - Johnny Gaudreau is hit by Sam Lafferty and loses puck.
11:22 of 2nd period - Johnny Gaudreau is hit by Mikko Rantanen and loses puck.
11:53 of 2nd period - Kevin Shattenkirk is hit by Ivan Barbashev and loses puck.
12:26 of 2nd period - Minor Penalty to Victor Soderstrom for Holding.
12:27 of 2nd period - Nico Hischier wins face-off versus Johnny Gaudreau in Ducks zone.
12:28 of 2nd period - Wrist shot by Mikko Rantanen.
12:28 of 2nd period - Stopped by Mike Smith with a rebound.
12:30 of 2nd period - Slapshot by Nico Hischier.
12:30 of 2nd period - Stopped by Mike Smith with a rebound.
12:32 of 2nd period - Slapshot by Nick Seeler.
12:32 of 2nd period - Goal by Nick Seeler - Wild : 3 - Ducks : 4.
12:33 of 2nd period - Ivan Barbashev wins face-off versus Jared McCann in neutral zone.
12:42 of 2nd period - Wrist shot by Ivan Barbashev.
12:42 of 2nd period - Stopped by Jaroslav Halak with a rebound.
13:08 of 2nd period - Snap shot by Jack Eichel.
13:08 of 2nd period - Shot Misses the Net.
13:20 of 2nd period - Snap shot by Kasperi Kapanen.
13:20 of 2nd period - Shot Misses the Net.
13:22 of 2nd period - Snap shot by David Reinbacher.
13:22 of 2nd period - Shot Blocked by T.J. Oshie.
13:47 of 2nd period - Minor Penalty to Nick Seeler for High sticking.
13:48 of 2nd period - Philipp Kurashev wins face-off versus Jack Eichel in Wild zone.
14:01 of 2nd period - Andrej Sekera is hit by Jason Robertson and loses puck.
15:32 of 2nd period - Icing by T.J. Oshie.
15:33 of 2nd period - Zach Hyman wins face-off versus T.J. Oshie in Ducks zone.
15:36 of 2nd period - Snap shot by Zach Hyman.
15:36 of 2nd period - Goal by Zach Hyman - Wild : 4 - Ducks : 4.
15:37 of 2nd period - Jack Eichel wins face-off versus Zach Hyman in neutral zone.
15:47 of 2nd period - Penalty to Nick Seeler is over, Nick Seeler is back on ice.
16:12 of 2nd period - Victor Soderstrom is hit by Nico Hischier and loses puck.
16:45 of 2nd period - Jordan Eberle is hit by Sam Lafferty and loses puck.
17:12 of 2nd period - Snap shot by Johnny Gaudreau.
17:12 of 2nd period - Stopped by Jaroslav Halak with a rebound.
17:14 of 2nd period - Snap shot by Jason Robertson.
17:14 of 2nd period - Shot Blocked by David Reinbacher.
17:16 of 2nd period - Snap shot by Jack Eichel.
17:16 of 2nd period - Stopped by Jaroslav Halak with a rebound.
17:18 of 2nd period - Slapshot by Michael Anderson.
17:18 of 2nd period - Deflect By Jason Robertson.
17:18 of 2nd period - Shot Blocked by David Reinbacher.
17:18 of 2nd period - Puck is out of play.
17:19 of 2nd period - Ivan Barbashev wins face-off versus Nico Hischier in Wild zone.
17:20 of 2nd period - Snap shot by Ryan Getzlaf.
17:20 of 2nd period - Stopped by Jaroslav Halak without a rebound.
17:21 of 2nd period - Nico Hischier wins face-off versus Ivan Barbashev in Wild zone.
19:52 of 2nd period - Off-side.
19:53 of 2nd period - Ivan Barbashev wins face-off versus Nico Hischier in neutral zone.
Goals for this period are 2 for Wild vs 1 for Ducks.
Shots for this period are 11 for Wild vs 9 for Ducks.

3rd period


0:01 of 3rd period - Sam Lafferty wins face-off versus Jack Eichel in neutral zone.
0:25 of 3rd period - Mikko Rantanen is hit by Ryan Getzlaf and loses puck.
1:08 of 3rd period - Snap shot by Phillip Di Giuseppe.
1:08 of 3rd period - Stopped by Mike Smith with a rebound.
1:10 of 3rd period - Snap shot by Phillip Di Giuseppe.
1:10 of 3rd period - Stopped by Mike Smith with a rebound.
1:28 of 3rd period - Slapshot by Victor Soderstrom.
1:28 of 3rd period - Stopped by Jaroslav Halak with a rebound.
1:30 of 3rd period - Slapshot by Alexandre Carrier.
1:30 of 3rd period - Stopped by Jaroslav Halak with a rebound.
1:32 of 3rd period - Slapshot by Victor Soderstrom.
1:32 of 3rd period - Shot Blocked by Oliver Ekman-Larsson.
1:34 of 3rd period - Wrist shot by Alex Newhook.
1:34 of 3rd period - Stopped by Jaroslav Halak with a rebound.
1:46 of 3rd period - Wrist shot by Nico Hischier.
1:46 of 3rd period - Deflect By Mikko Rantanen.
1:46 of 3rd period - Shot Misses the Net.
1:46 of 3rd period - Puck is out of play.
1:47 of 3rd period - Nico Hischier wins face-off versus Jack Eichel in Ducks zone.
1:52 of 3rd period - Snap shot by Mikko Rantanen.
1:52 of 3rd period - Shot Blocked by Johnny Gaudreau.
1:54 of 3rd period - Snap shot by Kevin Shattenkirk.
1:54 of 3rd period - Stopped by Mike Smith with a rebound.
2:24 of 3rd period - Snap shot by Troy Terry.
2:24 of 3rd period - Stopped by Jaroslav Halak with a rebound.
2:33 of 3rd period - Icing by Troy Terry.
2:34 of 3rd period - Sam Lafferty wins face-off versus Ivan Barbashev in Ducks zone.
2:35 of 3rd period - Snap shot by Kasperi Kapanen.
2:35 of 3rd period - Shot Misses the Net.
2:37 of 3rd period - Slapshot by Nick Seeler.
2:37 of 3rd period - Shot Blocked by Devon Toews.
2:39 of 3rd period - Slapshot by Sam Lafferty.
2:39 of 3rd period - Stopped by Mike Smith with a rebound.
2:41 of 3rd period - Slapshot by Nick Seeler.
2:41 of 3rd period - Deflect By Eeli Tolvanen.
2:41 of 3rd period - Stopped by Mike Smith with a rebound.
2:43 of 3rd period - Slapshot by Sam Lafferty.
2:43 of 3rd period - Stopped by Mike Smith with a rebound.
2:53 of 3rd period - Kasperi Kapanen is hit by Alex Newhook and loses puck.
2:56 of 3rd period - 10 Minutes Misconduct Penalty to Max Pacioretty is over.
3:25 of 3rd period - Snap shot by Ryan Getzlaf.
3:25 of 3rd period - Stopped by Jaroslav Halak without a rebound.
3:26 of 3rd period - Nico Hischier wins face-off versus T.J. Oshie in Wild zone.
3:26 of 3rd period - Nico Hischier is hit by T.J. Oshie.
3:52 of 3rd period - Johnny Gaudreau is hit by Radko Gudas and loses puck.
3:59 of 3rd period - Wrist shot by Jared McCann.
3:59 of 3rd period - Stopped by Mike Smith with a rebound.
4:01 of 3rd period - Slapshot by David Reinbacher.
4:01 of 3rd period - Shot Blocked by Leo Carlsson.
4:17 of 3rd period - Victor Mete is hit by Zach Sanford and loses puck.
4:34 of 3rd period - Backhand shot by Troy Terry.
4:34 of 3rd period - Stopped by Jaroslav Halak with a rebound.
4:48 of 3rd period - Kevin Shattenkirk is hit by Johnny Gaudreau.
5:16 of 3rd period - Icing by Oliver Ekman-Larsson.
5:17 of 3rd period - Nico Hischier wins face-off versus T.J. Oshie in Wild zone.
6:08 of 3rd period - Snap shot by Michael Anderson.
6:08 of 3rd period - Shot Blocked by Oliver Ekman-Larsson.
6:10 of 3rd period - Slapshot by Michael Anderson.
6:10 of 3rd period - Shot Misses the Net.
6:12 of 3rd period - Slapshot by Devon Toews.
6:12 of 3rd period - Stopped by Jaroslav Halak with a rebound.
6:14 of 3rd period - Wrist shot by Ivan Barbashev.
6:14 of 3rd period - Stopped by Jaroslav Halak with a rebound.
6:16 of 3rd period - Slapshot by Devon Toews.
6:16 of 3rd period - Deflect By Ryan Getzlaf.
6:16 of 3rd period - Stopped by Jaroslav Halak with a rebound.
6:28 of 3rd period - Slapshot by Philipp Kurashev.
6:28 of 3rd period - Shot Misses the Net.
6:30 of 3rd period - Wrist shot by Phillip Di Giuseppe.
6:30 of 3rd period - Stopped by Mike Smith with a rebound.
6:32 of 3rd period - Wrist shot by Nick Seeler.
6:32 of 3rd period - Shot Misses the Net.
6:34 of 3rd period - Wrist shot by Zach Sanford.
6:34 of 3rd period - Stopped by Mike Smith with a rebound.
6:36 of 3rd period - Snap shot by Phillip Di Giuseppe.
6:36 of 3rd period - Stopped by Mike Smith with a rebound.
7:12 of 3rd period - Jason Robertson is hit by Eeli Tolvanen and loses puck.
7:42 of 3rd period - Off-side.
7:43 of 3rd period - Ivan Barbashev wins face-off versus Philipp Kurashev in neutral zone.
7:45 of 3rd period - Off-side.
7:46 of 3rd period - Nico Hischier wins face-off versus Jack Eichel in neutral zone.
7:55 of 3rd period - Devon Toews is hit by Nico Hischier and loses puck.
8:14 of 3rd period - Devon Toews is hit by Jared McCann.
8:34 of 3rd period - Ryan Getzlaf is hit by Sam Lafferty and loses puck.
8:55 of 3rd period - Andrej Sekera is hit by Jack Roslovic and loses puck.
9:16 of 3rd period - Andrej Sekera is hit by Alexandre Carrier and loses puck.
10:01 of 3rd period - Slapshot by Leo Carlsson.
10:01 of 3rd period - Shot Blocked by Kasperi Kapanen.
10:59 of 3rd period - Ivan Barbashev is hit by Nick Seeler and loses puck.
11:14 of 3rd period - Radko Gudas is hit by Jack Roslovic and loses puck.
11:31 of 3rd period - Zach Sanford is hit by Johnny Gaudreau and loses puck.
11:38 of 3rd period - Zach Sanford is hit by Johnny Gaudreau and loses puck.
11:49 of 3rd period - T.J. Oshie is hit by Ryan Strome.
11:53 of 3rd period - Victor Mete is hit by Nick Seeler and loses puck.
12:12 of 3rd period - Troy Terry is hit by Eeli Tolvanen and loses puck.
13:47 of 3rd period - Snap shot by Kasperi Kapanen.
13:47 of 3rd period - Shot Blocked by Victor Soderstrom.
14:12 of 3rd period - Icing by Alexandre Carrier.
14:13 of 3rd period - Alex Newhook wins face-off versus Jared McCann in Ducks zone.
14:13 of 3rd period - Alex Newhook is hit by Jared McCann.
15:10 of 3rd period - Snap shot by Ryan Getzlaf.
15:10 of 3rd period - Shot Blocked by Eeli Tolvanen.
15:47 of 3rd period - Devon Toews is hit by Nico Hischier and loses puck.
15:58 of 3rd period - Ivan Barbashev is hit by Radko Gudas and loses puck.
16:29 of 3rd period - Alexandre Carrier is hit by Andrej Sekera and loses puck.
17:02 of 3rd period - Sam Lafferty is hit by Ryan Getzlaf and loses puck.
17:13 of 3rd period - Alexandre Carrier is hit by Radko Gudas and loses puck.
17:50 of 3rd period - Alex Newhook is hit by Ryan Strome and loses puck.
18:07 of 3rd period - David Reinbacher is hit by Jason Robertson and loses puck.
18:30 of 3rd period - Kasperi Kapanen is hit by T.J. Oshie and loses puck.
18:41 of 3rd period - Ryan Getzlaf is hit by Kevin Shattenkirk.
18:56 of 3rd period - Victor Soderstrom is hit by Zach Hyman and loses puck.
19:15 of 3rd period - Wrist shot by Zach Sanford.
19:15 of 3rd period - Shot Blocked by T.J. Oshie.
Goals for this period are 0 for Wild vs 0 for Ducks.
Shots for this period are 10 for Wild vs 9 for Ducks.

Overtime #1


0:01 of 1st overtime period - Jack Eichel wins face-off versus Nico Hischier in neutral zone.
0:26 of 1st overtime period - Nico Hischier is hit by Johnny Gaudreau and loses puck.
0:31 of 1st overtime period - Wrist shot by Jordan Eberle.
0:31 of 1st overtime period - Shot Misses the Net.
0:33 of 1st overtime period - Slapshot by Michael Anderson.
0:33 of 1st overtime period - Deflect By Johnny Gaudreau.
0:33 of 1st overtime period - Goal by Johnny Gaudreau - Wild : 4 - Ducks : 5.
Goals for this period are 0 for Wild vs 1 for Ducks.
Shots for this period are 0 for Wild vs 1 for Ducks.